Map: Ever Dream LE

Players

Reynor - Winner!

  • Race: Zerg Zerg
  • Spawn Location: 7:00

LiquidClem (Clem)

  • Race: Terran Terran
  • League: Master
  • Spawn Location: 1:00

Event: DreamHack SC2 Masters 2020 Summer Europe

VOD

Have the link to the VOD?

Description

Time

  • Played on: July 12, 2020, 12:34 p.m.
  • Length: 14:00

All games in this series

Show
View Real Time Build Order
Export as new Build Order

Reynor Zerg - Winner!

Build Orders: Hatch First, Lurkers 

Get SALT Encoding   

  12  0:00  Drone  
  13  0:12  Overlord  
  13  0:16  Drone  
  14  0:30  Drone x2  
  16  0:47  Hatchery  
  15  0:50  Drone  
  15  0:54  Drone  
  17  0:57  Drone  
  18  1:08  Extractor  
  17  1:13  Spawning Pool  
  17  1:16  Drone  
  17  1:19  Drone  
  18  1:27  Drone  
  19  1:38  Drone  
  20  1:49  Drone  
  21  2:00  Queen x2  
  21  2:01  Zergling x4  
  27  2:15  Hatchery  
  26  2:18  Overlord  
  26  2:20  Drone  
  27  2:23  Drone  
  28  2:36  Drone x3  
  30  2:39  Metabolic Boost  
  30  2:48  Overlord  
  30  2:50  Queen  
  32  2:51  Drone  
  32  2:54  Drone  
  32  2:56  Drone  
  35  3:06  Drone x2  
  35  3:09  Overlord  
  35  3:12  Drone x2  
  39  3:16  Drone  
  39  3:19  Drone  
  41  3:23  Queen  
  41  3:27  Queen, Drone  
  44  3:29  Zergling x2  
  44  3:31  Zergling x2  
  48  3:37  Drone  
  48  3:39  Drone x2  
  48  3:40  Overlord  
  51  3:42  Drone  
  51  3:43  Drone  
  51  3:48  Zergling x2  
  54  3:49  Drone  
  54  3:52  Drone  
  56  3:57  Overlord  
  56  3:58  Queen  
  56  3:59  Drone  
  56  4:00  Spore Crawler, Drone  
  56  4:02  Drone  
  60  4:04  Drone  
  61  4:10  Zergling x4  
  61  4:14  Zergling x2  
  61  4:16  Spore Crawler  
  63  4:18  Extractor  
  63  4:19  Lair  
  63  4:21  Zergling x4, Spore Crawler  
  63  4:24  Drone  
  64  4:29  Baneling Nest  
  64  4:30  Drone  
  64  4:31  Spore Crawler, Drone  
  65  4:34  Drone  
  65  4:37  Overlord  
  65  4:41  Overlord  
  65  4:46  Overlord  
  65  4:54  Drone x2  
  65  4:58  Overlord  
  65  5:00  Zergling x8  
  65  5:01  Zergling x4  
  65  5:06  Drone x2  
  65  5:07  Drone  
  65  5:08  Drone x2  
  65  5:09  Evolution Chamber  
  65  5:15  Drone x2  
  65  5:16  Drone x2  
  65  5:19  Drone x3  
  65  5:21  Drone x2  
  70  5:25  Drone  
  71  5:31  Drone x2  
  71  5:33  Centrifical Hooks  
  71  5:35  Drone, Extractor  
  72  5:36  Extractor x2  
  72  5:38  Drone x3  
  72  5:40  Drone  
  72  5:42  Drone  
  75  5:46  Queen, Drone  
  78  5:50  Drone  
  78  5:53  Evolution Chamber, Drone  
  78  5:54  Evolution Chamber  
  78  5:57  Overlord  
  78  5:58  Drone x3  
  81  6:07  Hatchery  
  81  6:09  Drone  
  81  6:10  Zergling x6  
  84  6:12  Zergling x2  
  84  6:13  Zergling x2  
  84  6:15  Zergling x2  
  87  6:20  Overlord  
  87  6:21  Zergling x2  
  87  6:24  Zerg Melee Weapons Level 1, Zerg Ground Armor Level 1  
  88  6:25  Zergling x2  
  88  6:26  Zergling x2  
  88  6:27  Zergling x2  
  88  6:29  Zergling x2  
  88  6:31  Zergling x2  
  88  6:32  Zergling x4  
  95  6:34  Baneling x4  
  95  6:37  Drone x3  
  95  6:39  Zergling x4  
  100  6:42  Baneling x3  
  100  6:44  Zergling x2  
  100  6:45  Zergling x2  
  100  6:47  Overlord  
  102  6:53  Zergling x2  
  104  6:54  Drone x2  
  104  6:55  Drone x4  
  104  6:58  Zergling x4, Hydralisk Den  
  110  7:03  Baneling x4  
  110  7:04  Zergling x6  
  110  7:05  Zergling x2  
  113  7:10  Zergling x2  
  113  7:14  Zergling x4  
  109  7:22  Drone x2  
  111  7:24  Drone x3  
  111  7:25  Queen  
  111  7:26  Overlord  
  111  7:28  Zergling x8  
  120  7:31  Baneling x3  
  120  7:32  Drone x2  
  120  7:33  Drone  
  120  7:35  Overlord  
  121  7:40  Zergling x6  
  121  7:41  Drone  
  125  7:44  Infestation Pit, Hydralisk  
  125  7:47  Extractor, Baneling x4  
  125  7:48  Zergling x2  
  125  7:51  Zergling x2  
  127  7:52  Pneumatized Carapace  
  127  7:54  Zergling x4  
  127  7:55  Baneling x4  
  129  7:58  Hydralisk  
  129  7:59  Zergling x10  
  129  8:01  Hatchery  
  129  8:04  Lurker Den  
  134  8:06  Drone  
  134  8:07  Spore Crawler  
  134  8:08  Overlord, Spore Crawler  
  133  8:14  Hydralisk  
  133  8:17  Overlord  
  133  8:19  Overlord  
  135  8:24  Zergling x4  
  132  8:27  Overlord  
  132  8:29  Zergling x10  
  125  8:34  Zergling x10  
  125  8:35  Zergling x6  
  125  8:36  Zergling x2  
  125  8:37  Zergling x4  
  125  8:40  Zergling x4, Hydralisk  
  125  8:41  Zergling x4  
  141  8:46  Zergling x2  
  141  8:54  Hive, Hydralisk x3  
  147  8:57  Baneling x5  
  146  9:03  Zergling x14  
  146  9:06  Extractor  
  146  9:07  Extractor, Lurker x4  
  146  9:08  Burrow, Drone  
  146  9:09  Overseer, Drone x3  
  159  9:10  Overseer  
  159  9:12  Drone x2  
  159  9:14  Zerg Ground Armor Level 2  
  159  9:16  Zerg Melee Weapons Level 2  
  161  9:18  Evolution Chamber, Drone  
  161  9:20  Muscular Augments  
  161  9:24  Drone x2  
  162  9:26  Spore Crawler  
  162  9:31  Zergling x16  
  164  9:33  Overlord  
  170  9:38  Zergling x8  
  170  9:40  Overlord  
  174  9:52  Lurker  
  174  9:53  Lurker x2  
  174  9:57  Zerg Missile Weapons Level 1  
  174  9:58  Drone x6  
  174  9:59  Overlord, Drone x2  
  181  10:08  Baneling x4  
  181  10:09  Adaptive Talons  
  181  10:13  Drone  
  182  10:15  Hatchery  
  182  10:17  Unknown  
  182  10:18  Viper x2  
  182  10:20  Zergling x22  
  197  10:22  Overlord  
  197  10:25  Zergling x2  
  197  10:26  Overlord  
  198  10:34  Zergling x2  
  194  10:35  Overlord  
  194  10:40  Baneling  
  194  10:41  Hydralisk  
  194  10:42  Zergling x14  
  193  10:44  Zergling x4, Hydralisk  
  193  10:45  Zergling x8  
  193  10:47  Zergling x2  
  183  10:53  Zergling x8  
  183  10:55  Zergling x2  
  183  10:57  Baneling x5  
  183  10:59  Hydralisk x2  
  183  11:00  Zergling x2  
  183  11:04  Zergling x6, Adrenal Glands  
  189  11:07  Baneling x3, Seismic Spines  
  189  11:08  Baneling x2  
  189  11:09  Zergling x4  
  191  11:15  Zergling x2  
  191  11:16  Zergling x4  
  191  11:17  Lurker x2  
  196  11:25  Hydralisk  
  196  11:26  Zergling x2  
  196  11:29  Overlord  
  199  11:40  Overlord  
  199  11:46  Zergling x2  
  183  11:54  Zergling x2  
  183  11:55  Zergling x26  
  183  11:59  Zergling x6, Hydralisk  
  183  12:00  Zergling x16  
  159  12:10  Hydralisk  
  159  12:11  Zergling x2  
  159  12:12  Zergling x16  
  159  12:13  Hydralisk  
  159  12:15  Queen  
  155  12:21  Hydralisk x3  
  155  12:22  Zergling x4  
  160  12:24  Zergling x2  
  160  12:27  Lurker x2  
  160  12:29  Drone  
  165  12:30  Drone x3  
  165  12:31  Drone x3  
  165  12:32  Baneling x8  
  165  12:36  Hydralisk x2  
  169  12:38  Lurker x2  
  169  12:39  Zergling x6  
  169  12:42  Zergling x2, Baneling  
  169  12:43  Baneling x8  
  175  12:46  Zergling x2  
  175  12:49  Zergling x6, Hydralisk  
  175  12:50  Zergling x8  
  183  12:55  Hatchery  
  183  12:57  Lurker x3  
  184  13:01  Zergling x18  
  184  13:02  Zergling x2  
  193  13:06  Drone  
  193  13:11  Zergling x10  
  195  13:14  Hydralisk  
  195  13:15  Zergling x4  
  199  13:25  Zergling x2, Hydralisk  
  199  13:26  Zergling x10  
  198  13:28  Zergling x6  
  198  13:30  Zergling x4, Hydralisk  
  198  13:32  Zergling x4  
  196  13:35  Hydralisk  
  196  13:36  Zergling x2  
  196  13:38  Zergling x2  
  196  13:43  Zergling x6  
Show
View Real Time Build Order
Export as new Build Order

LiquidClem Terran 

Build Orders: Gas First Reaper Expand, Liberator Opening 

Get SALT Encoding   

  12  0:00  SCV  
  13  0:12  SCV  
  14  0:17  Supply Depot  
  14  0:24  SCV  
  15  0:29  Refinery  
  15  0:38  SCV  
  16  0:43  Barracks  
  16  0:50  SCV  
  17  1:02  SCV  
  18  1:14  SCV  
  19  1:30  Reaper, Orbital Command  
  20  1:40  Command Center  
  20  1:52  Factory  
  20  1:56  SCV  
  21  2:07  Barracks Reactor  
  21  2:08  SCV  
  21  2:10  Supply Depot  
  22  2:16  Refinery  
  22  2:22  SCV  
  23  2:34  SCV  
  24  2:43  Starport  
  24  2:46  SCV  
  24  2:48  Hellion  
  24  2:49  Hellion  
  29  2:52  Orbital Command  
  29  2:58  SCV, Barracks Tech Lab  
  30  3:10  Hellion x2  
  34  3:14  SCV  
  35  3:21  SCV  
  35  3:24  Supply Depot  
  35  3:26  Liberator  
  39  3:28  SCV  
  39  3:31  Marine  
  41  3:34  SCV  
  41  3:37  Hellion  
  46  3:41  Hellion  
  46  3:46  SCV x2  
  48  3:49  Supply Depot  
  48  3:52  Barracks Tech Lab  
  48  3:58  SCV x2  
  50  4:05  Hellion x2  
  54  4:11  SCV  
  54  4:12  Stimpack  
  54  4:14  SCV  
  56  4:19  Command Center  
  56  4:24  SCV  
  57  4:26  SCV  
  57  4:29  Supply Depot  
  58  4:31  Starport Reactor  
  58  4:36  SCV  
  58  4:37  Barracks  
  60  4:38  SCV  
  60  4:40  Barracks  
  60  4:43  Marine  
  61  4:48  SCV  
  61  4:49  Supply Depot  
  61  4:51  SCV  
  63  4:54  Siege Tank  
  63  4:57  Supply Depot  
  63  5:00  SCV  
  63  5:01  Marine  
  63  5:03  SCV  
  62  5:09  Engineering Bay  
  62  5:10  Engineering Bay  
  62  5:12  SCV  
  59  5:15  SCV  
  58  5:24  SCV  
  58  5:26  Starport Reactor  
  58  5:27  SCV  
  58  5:28  Marine x2  
  58  5:32  Marine x2  
  58  5:33  Orbital Command, Siege Tank  
  60  5:36  SCV, Refinery  
  60  5:37  Refinery, Marine  
  60  5:39  Terran Infantry Weapons Level 1  
  60  5:41  Terran Infantry Armor Level 1  
  62  5:44  SCV  
  62  5:46  Marine x2  
  65  5:50  SCV  
  65  5:52  Combat Shield  
  65  5:56  SCV  
  67  5:59  Marine x2  
  67  6:00  Orbital Command, Marine  
  67  6:02  SCV, Medivac  
  73  6:07  Medivac, Marine x2  
  73  6:08  SCV  
  73  6:09  Supply Depot  
  78  6:14  SCV  
  78  6:16  Marine  
  80  6:18  Barracks  
  80  6:19  Barracks  
  80  6:20  SCV  
  80  6:22  Marine  
  80  6:24  Marine  
  80  6:25  SCV, Marine  
  83  6:26  SCV  
  83  6:30  Siege Tank  
  83  6:31  Marine  
  89  6:32  SCV  
  89  6:34  Marine  
  89  6:36  Armory  
  89  6:38  SCV  
  92  6:43  Supply Depot, Marine x2  
  92  6:46  Medivac  
  96  6:47  Medivac, Marine  
  96  6:48  SCV  
  96  6:49  Marine  
  96  6:50  SCV  
  96  6:52  Marine  
  103  6:55  SCV  
  103  6:56  Supply Depot  
  103  7:00  SCV  
  103  7:01  Marine x2  
  106  7:02  SCV  
  106  7:05  Marine  
  106  7:06  Siege Tank  
  106  7:07  SCV, Marine  
  109  7:12  SCV  
  109  7:14  SCV, Marine  
  107  7:16  Marine  
  107  7:19  SCV  
  107  7:22  Medivac x2  
  110  7:23  Barracks Reactor  
  110  7:24  SCV, Marine  
  110  7:26  SCV  
  110  7:27  Refinery, Marine x2  
  117  7:31  SCV, Marine  
  117  7:32  Supply Depot  
  117  7:35  Marine  
  117  7:36  Barracks Reactor, SCV  
  121  7:39  SCV  
  121  7:42  Marine  
  121  7:44  SCV, Command Center  
  124  7:49  Terran Infantry Weapons Level 2  
  124  7:50  Supply Depot, Marine  
  125  7:53  SCV, Marine  
  125  7:55  SCV  
  128  7:58  Supply Depot, Marine  
  128  8:01  Marine  
  128  8:02  SCV  
  128  8:04  Marine  
  132  8:06  Marine  
  132  8:07  Supply Depot  
  132  8:10  Factory  
  132  8:11  Marine  
  132  8:12  Refinery, Siege Tank  
  137  8:15  Drilling Claws  
  137  8:18  Terran Infantry Armor Level 2  
  137  8:20  Marine  
  137  8:21  Marine x2  
  137  8:22  Marine  
  137  8:24  Marine  
  139  8:29  Marine  
  139  8:31  Marine  
  139  8:32  Marine x2  
  131  8:38  Marine  
  131  8:39  Marine  
  131  8:40  Marine x2  
  134  8:41  Medivac  
  134  8:44  Marine  
  134  8:47  SCV, Marine, Barracks  
  134  8:48  SCV, Barracks  
  139  8:49  Marine  
  139  8:50  Marine  
  139  8:52  Barracks  
  139  8:53  Terran Vehicle Weapons Level 1  
  139  8:54  Siege Tank  
  145  8:57  Marine  
  145  8:58  SCV, Marine  
  145  8:59  Marine x2  
  147  9:08  Marine  
  148  9:13  Factory Tech Lab  
  148  9:14  Marine  
  148  9:15  SCV, Marine, Sensor Tower  
  148  9:16  SCV, Marine x2  
  148  9:17  Marine x2  
  156  9:19  Concussive Shells, Marauder  
  156  9:24  Supply Depot, Marine  
  158  9:26  Marine, Siege Tank  
  158  9:27  Medivac  
  158  9:29  Medivac  
  167  9:32  Marine  
  167  9:36  Planetary Fortress  
  167  9:37  Supply Depot  
  168  9:38  SCV  
  168  9:39  SCV  
  168  9:42  Marine  
  168  9:43  SCV  
  171  9:49  Marauder, Marine  
  171  9:51  SCV  
  171  9:52  Barracks Tech Lab x2  
  175  9:54  Barracks Tech Lab  
  175  9:55  Marine  
  175  9:57  Command Center  
  173  10:01  Marine  
  173  10:04  Marine  
  173  10:06  Marine  
  175  10:09  Marine x3  
  175  10:11  Marauder  
  175  10:12  Siege Tank x2  
  186  10:15  Supply Depot  
  186  10:16  Medivac  
  188  10:24  Marine  
  188  10:25  Marine  
  188  10:28  Marine  
  188  10:29  Marine x3  
  188  10:30  Marauder  
  188  10:31  Orbital Command, Marauder  
  188  10:32  Medivac, Marauder x2  
  181  10:38  Marine  
  181  10:39  Marine  
  181  10:42  Marine  
  175  10:43  SCV x2, Marine  
  175  10:46  Marine  
  175  10:48  Siege Tank  
  167  10:51  Marauder  
  167  10:52  Marauder  
  167  10:54  Marauder x2  
  167  10:55  Factory Tech Lab  
  173  11:00  SCV  
  173  11:01  SCV x2  
  176  11:08  SCV  
  176  11:12  SCV  
  176  11:13  Marauder, Marine x4  
  176  11:14  Marine x2  
  176  11:15  SCV x2, Marauder  
  189  11:20  SCV, Siege Tank  
  189  11:24  SCV  
  194  11:28  Barracks Tech Lab  
  194  11:30  Marauder  
  196  11:34  Marauder  
  196  11:37  Marauder  
  199  11:46  Siege Tank  
  199  11:51  Marauder  
  199  11:53  Marine  
  199  11:54  Marauder  
  181  11:57  Marine  
  181  12:01  Marauder  
  159  12:02  Marauder  
  159  12:07  Marine x2  
  159  12:08  SCV  
  150  12:09  SCV  
  150  12:11  Marine x2  
  150  12:12  SCV  
  150  12:13  SCV, Marauder  
  150  12:14  Factory Tech Lab  
  150  12:15  Marauder  
  149  12:20  SCV  
  149  12:21  SCV, Siege Tank  
  149  12:22  Marauder  
  155  12:24  SCV, Marauder, Marine x2  
  155  12:27  SCV  
  161  12:30  Missile Turret  
  161  12:31  Marine  
  161  12:34  Marauder  
  164  12:37  Planetary Fortress  
  164  12:38  Marauder, Marine x2  
  164  12:39  SCV x2, Marine x3  
  164  12:42  Marine, Siege Tank  
  164  12:43  Marine  
  164  12:44  Marauder  
  174  12:45  Marine  
  174  12:48  SCV  
  174  12:52  Unknown  
  174  12:53  Siege Tank  
  174  12:55  Marauder, Marine x2  
  181  13:00  Marauder, Marine  
  181  13:02  SCV  
  181  13:05  Refinery, Marauder x2  
  187  13:17  Marauder  
  187  13:18  Siege Tank  
  192  13:20  SCV x2  
  192  13:21  Marauder  
  192  13:22  Command Center, Marine  
  192  13:26  Marauder x2, Marine x2  
  185  13:28  Marine  
  185  13:30  Marine  
  185  13:31  Marine x2  
  185  13:32  Marine  
  152  13:40  SCV x2  
  152  13:41  Marine  
  142  13:45  SCV x2  
  142  13:46  SCV  
Tags
 
Add a new tag
Caveats
  • Supply blocks, unpowered buildings, or Contaminate may cause inaccurate times.
  • Supply counts are checked every 10 seconds.